 Dungeon Crawl Stone Soup version 0.21-a0-91-ga5031da (webtiles) character file.

142 Hook the Covered (level 5, -2/39 HPs)
             Began as a Demonspawn Wanderer on June 28, 2017.
             Killed from afar by Natasha (8 damage)
             ... with a magic dart
             ... on level 3 of the Dungeon.
             The game lasted 00:07:26 (3184 turns).

Hook the Covered (Demonspawn Wanderer)              Turns: 3184, Time: 00:07:26

Health: -2/39      AC:  7    Str: 16    XL:     5   Next: 4%
Magic:  5/5        EV: 11    Int: 14    God:
Gold:   81         SH:  0    Dex: 12    Spells: 5/5 levels left

rFire    . . .     SeeInvis .   e - +0 falchion
rCold    . . .     Gourm    .   (no shield)
rNeg     . . .     Faith    .   b - +0 ring mail
rPois    .         Spirit   .   (helmet restricted)
rElec    .         Reflect  .   o - +0 cloak
rCorr    .         Harm     .   (no gloves)
MR       .....                  (no boots)
Stlth    +.........             (no amulet)
HPRegen  0.13/turn              h - +3 ring of strength
MPRegen  0.09/turn              (no ring)

@: lethally poisoned (-2 -> -3)
A: horns 1, sturdy frame 1
a: no special abilities


You were on level 3 of the Dungeon.
You were hungry.

You visited 1 branch of the dungeon, and saw 3 of its levels.

You collected 81 gold pieces.

Inventory:

Hand Weapons
 d - a +1 dagger
 e - a +0 falchion (weapon)
Armour
 a - a +0 shield
 b - a +0 ring mail (worn)
 i - a +0 helmet
 o - a +0 cloak (worn)
Jewellery
 h - a +3 ring of strength (left hand)
Scrolls
 c - 2 scrolls of teleportation
 f - a scroll of fear
 j - 2 scrolls of noise {unknown}
 l - a scroll of amnesia
 r - a scroll of enchant weapon
 s - a scroll of identify
 t - a scroll of fog {unknown}
Potions
 g - a potion of haste {unknown}
 k - a potion of heal wounds {unknown}
 n - a potion of brilliance {unknown}
 p - a potion of mutation {unknown}
 q - a potion of resistance {unknown}
 u - a potion of curing
Comestibles
 m - 4 fruits


   Skills:
 * Level 2.7 Fighting
 - Level 1.3(1.5) Short Blades
 - Level 0.8(1.2) Long Blades
   Level 1.0 Crossbows
 * Level 4.9 Armour
 - Level 1.0 Dodging
 - Level 0.2 Stealth
 + Level 2.9 Shields
 + Level 0.5 Spellcasting


You had 5 spell levels left.
You didn't know any spells.

Dungeon Overview and Level Annotations

Branches:
Dungeon (3/15)

Altars:
Cheibriados
Dithmenos
Fedhas

Annotations:
D:3 Natasha; grindst0ne's ghost, amateur MiFi


Innate Abilities, Weirdness & Mutations

You have a pair of small horns on your head.
Your movements are slightly less encumbered by armour. (ER -2)


Message History

The kobold wields an uncursed dagger.
The kobold hits you but does no damage.
You barely miss the kobold. You headbutt the kobold.
You kill the kobold!
You feel sick.
You feel sick.
u - a potion of curing
Things that are here:
an uncursed dagger; an uncursed blowgun; a kobold corpse You feel sick.
You feel sick.
You start resting.
You feel sick. x13
You are feeling hungry.
You feel sick.
There is a stone staircase leading up here.
You start resting.
You feel sick. x2
You feel sick.
Natasha stares at you and mumbles some strange words.
The magic dart hits you!
You die...

#. ............ . .
#...%.[.###'### . #.
#......P#.....#P .. #..
#..(<..PP..⌠...# ...
#..###......P..P..P ...
#..##.......##_._. ..
##............##.####.#
#...#.#..)..).....#<.#
#...#.#....@.........#
#.#......)......###.##
#.#............## ..>.
#.............## ......
#...........### .........
.......................$!.......#
.........h(......#...((....(....#
...#..#.............#h..........#
..................###.... ...#


You could see Natasha.

Vanquished Creatures
  Terence (D:2)
  5 adders
  An ooze (D:2)
  2 worms (D:2)
  A dart slug (D:1)
  A leopard gecko (D:2)
  6 orcs
  9 bats
  3 giant cockroaches
  5 goblins
  A hobgoblin (D:2)
  2 jackals (D:3)
  6 frilled lizards
  8 kobolds
  8 rats
59 creatures vanquished.

Notes
Turn   | Place    | Note
-------+----------+-------------------------------------------
     0 | D:1      | Hook the Demonspawn Wanderer began the quest for the Orb.
     0 | D:1      | Hook set off with: a +0 shield, a +0 ring mail, a scroll of teleportation, a +0 dagger, a bread ration
     0 | D:1      | Reached XP level 1. HP: 16/16 MP: 1/1
   331 | D:1      | Gained mutation: Your movements are slightly less encumbered by armour. (ER -2) [demonic ancestry]
   331 | D:1      | Reached XP level 2. HP: 21/22 MP: 2/2
   674 | D:1      | Reached skill level 1 in Short Blades
  1223 | D:2      | Reached XP level 3. HP: 6/27 MP: 3/3
  1531 | D:2      | Noticed Terence
  1568 | D:2      | Killed Terence
  1746 | D:2      | HP: 1/27 [adder (1)]
  1825 | D:2      | Gained mutation: You have a pair of small horns on your head. [demonic ancestry]
  1825 | D:2      | Reached XP level 4. HP: 15/34 MP: 4/4
  2297 | D:2      | Reached skill level 1 in Dodging
  2311 | D:2      | Found a shadowy altar of Dithmenos.
  2529 | D:3      | Noticed Natasha
  2689 | D:3      | Noticed grindst0ne's ghost (amateur MiFi)
  3108 | D:3      | Found a snail-covered altar of Cheibriados.
  3110 | D:3      | Found a blossoming altar of Fedhas.
  3148 | D:3      | Reached XP level 5. HP: 36/39 MP: 5/5
  3184 | D:3      | Killed from afar by Natasha

Vault maps used:
D:1:      dpeg_arrival_fog
D:2:      nicolae_dithmenos_shadow_blocks, uniq_terence
D:3:      gammafunk_temple_overflow_forgotten, uniq_crazy_yiuf_cottage,
          uniq_natasha

Skill      XL: |  1  2  3  4 |
---------------+-------------+-----
Shields        | 2 |  2.9
Short Blades   | 1 |  1.3
Dodging        | 1 |  1.0
Fighting       | |  2.7
Long Blades    | |  0.8
Crossbows      | |  1.0
Armour         | |  4.9
Stealth        | |  0.2
Spellcasting   | |  0.5

Action                   |  1- 3 |  4- 6 || total
-------------------------+-------+-------++-------
Melee: Dagger            |   214 |       ||   214
       Falchion          |    37 |    91 ||   128
       Headbutt          |       |    17 ||    17
Throw: Javelin           |       |     2 ||     2
  Use: Scroll            |     5 |       ||     5
       Potion            |     2 |       ||     2
  Eat: Chunk             |     2 |     1 ||     3
       Bread ration      |     1 |       ||     1
Armor: Ring mail         |   105 |    39 ||   144
Dodge: Dodged            |    86 |    86 ||   172
Block: Shield            |   111 |       ||   111
       Rpst.: Falchion   |     6 |    23 ||    29
